 Dungeon Crawl Stone Soup version 0.26-a0-36-g11e0b32562 (webtiles) character file.

Game seed: 3498935504876806476, levelgen mode: deterministic

487 Fv001 the Digger (level 7, -5/36 HPs)
             Began as a Gargoyle Earth Elementalist on May 30, 2020.
             Slain by an ice beast (14 damage)
             ... on level 5 of the Dungeon.
             The game lasted 00:11:49 (4108 turns).

Fv001 the Digger (Gargoyle Earth Elementalist)      Turns: 4108, Time: 00:11:50

Health: -5/36      AC:  6    Str: 12    XL:     7   Next: 13%
Magic:  9/12       EV: 12    Int: 17    God:
Gold:   197        SH:  0    Dex: 10    Spells: 3/12 levels left

rFire    . . .     SeeInvis .   p - +5 scythe "Plog" {vorpal, rElec MR+}
rCold    . . .     Gourm    .   (shield currently unavailable)
rNeg     + . .     Faith    .   c - +0 robe
rPois    ∞         Spirit   .   (no helmet)
rElec    +         Reflect  .   (no cloak)
rCorr    .         Harm     .   (no gloves)
MR       +....                  (no boots)
Stlth    ++........             (no amulet)
HPRegen  0.12/turn              (no ring)
MPRegen  0.13/turn              (no ring)

@: no status effects
A: negative energy resistance 1, electricity resistance, unbreathing,
petrification resistance, rot immunity, AC +4
a: no special abilities


You were on level 5 of the Dungeon.
You were not hungry.

You visited 1 branch of the dungeon, and saw 5 of its levels.

You collected 197 gold pieces.

Inventory:

Hand Weapons
 a - a +0 morningstar
 p - the +5 scythe "Plog" (weapon) {vorpal, rElec MR+}
   (You found it on level 4 of the Dungeon)

   It inflicts extra damage upon your enemies.
   It insulates you from electricity.
   It affects your resistance to hostile enchantments.
Missiles
 b - 28 stones (quivered)
Armour
 c - a +0 robe (worn)
Scrolls
 g - 2 scrolls of magic mapping
 h - 4 scrolls of teleportation {unknown}
 i - a scroll of fog {unknown}
 j - 2 scrolls of remove curse
 l - 2 scrolls of amnesia
 q - a scroll of enchant armour {unknown}
Potions
 e - a potion of stabbing {unknown}
 f - a potion of berserk rage {unknown}
 k - 3 potions of mutation
 m - a potion of flight {unknown}
 n - 3 potions of curing {unknown}
 o - a potion of might {unknown}
Comestibles
 d - 10 rations


   Skills:
 + Level 2.6 Maces & Flails
 + Level 2.8 Dodging
 - Level 2.4 Stealth
 + Level 3.3 Spellcasting
 + Level 2.7 Conjurations
   Level 0.7 Transmutations
 * Level 6.1 Earth Magic


You had 3 spell levels left.
You knew the following spells:

 Your Spells              Type           Power        Failure   Level  Hunger
a - Sandblast             Erth           ###...       1%          1    None
b - Stone Arrow           Conj/Erth      ###...       9%          3    ###....
c - Lee's Rapid Deconstr  Erth           ###.......   36%         5    ######.

Your spell library contained the following spells:

 Spells                   Type           Power        Failure   Level  Hunger
 Passwall                 Tmut/Erth      ##......     6%          2    ##.....
 Summon Small Mammal      Summ           #...         17%         1    None
 Call Imp                 Summ           #.......     26%         2    ##.....
 Call Canine Familiar     Summ           #.......     45%         3    ###....
 Summon Guardian Golem    Hex/Summ       #.......     45%         3    ###....
 Petrify                  Tmut/Erth      ##......     38%         4    ####...
 Summon Ice Beast         Ice/Summ       #.......     86%         4    ####...
 Summon Lightning Spire   Summ/Air       #.......     86%         4    ####...


Dungeon Overview and Level Annotations

Branches:
Dungeon (5/15)
 Temple: D:4-7

Altars:
Dithmenos


Innate Abilities, Weirdness & Mutations

You are resistant to torment.
Your stone body is resilient. (AC +4)
You are immune to poison.
You resist negative energy. (rN+)
You are resistant to electric shocks. (rElec)
You can survive without breathing.
You are immune to petrification.
You are immune to rotting.


Message History

The ogre hits you with a +0 giant club! The ogre closely misses you.
You slash the ogre!
You kill the ogre!
Your Earth Magic skill increases to level 6!
You have reached level 7!
You hit the ice beast.
The ice beast is moderately wounded.
The ice beast misses you.
You barely miss the ice beast.
The ice beast is moderately wounded.
The ice beast misses you. The ice beast hits you. The ice beast freezes you!
You barely miss the ice beast.
The ice beast is moderately wounded.
The ice beast closely misses you. The ice beast barely misses you.
You hit the ice beast.
The ice beast is moderately wounded.
The ice beast hits you.
* * * LOW HITPOINT WARNING * * *
The ice beast freezes you!
You die...

#.# #..# #..# ..# #.##
#.. .## ##.# #.. # .#
#..# #.. ##.. .# ##.##
##.# ...# ..# #..#
#..###..##. #.####..#
#.......... #..#...##
###..........
#......####....@Y.....#
#..............###.....
#..............## ...
.........##.../# .
.........####..#
...#..#..# ##....
.###..##.# ##..... #
#.# #.. ...... #. ##.
..##..


You could see an ice beast.

Vanquished Creatures
  An ogre (D:5)
  A centaur (D:5)
  A scorpion (D:4)
  Natasha (thrice) (D:3)
  An orc wizard (D:4)
  2 worker ants (D:4)
  A hound skeleton (D:4)
  2 adders
  An ooze (D:4)
  3 worms
  2 dart slugs
  2 leopard geckos
  5 orcs
  A ball python (D:3)
  6 bats
  4 giant cockroaches
  8 hobgoblins
  6 jackals
  6 kobolds
  2 quokkas (D:4)
  6 frilled lizards
  6 goblins
  6 rats
76 creatures vanquished.

Notes
Turn   | Place    | Note
-------+----------+-------------------------------------------
     0 | D:1      | Fv001 the Gargoyle Earth Elementalist began the quest for
                  | the Orb.
     0 | D:1      | Reached XP level 1. HP: 10/10 MP: 3/3
    78 | D:1      | Reached XP level 2. HP: 15/15 MP: 0/5
   557 | D:1      | Reached skill level 4 in Earth Magic
   692 | D:1      | Reached XP level 3. HP: 19/19 MP: 3/6
   697 | D:1      | Learned a level 3 spell: Stone Arrow
   922 | D:2      | Reached skill level 1 in Maces & Flails
  1021 | D:2      | Found a shadowy altar of Dithmenos.
  1734 | D:2      | Reached XP level 4. HP: 23/24 MP: 7/7
  1924 | D:3      | Reached skill level 1 in Conjurations
  2397 | D:3      | Noticed Natasha
  2400 | D:3      | Killed Natasha
  2489 | D:3      | Noticed Natasha
  2497 | D:3      | Killed Natasha
  2497 | D:3      | Reached XP level 5. HP: 22/28 MP: 4/9
  2508 | D:3      | Learned a level 5 spell: Lee's Rapid Deconstruction
  2548 | D:3      | Noticed Natasha
  2560 | D:3      | Killed Natasha
  2605 | D:3      | Reached skill level 5 in Earth Magic
  2890 | D:4      | Reached XP level 6. HP: 32/32 MP: 1/10
  3070 | D:4      | Got a fine rapier
  3071 | D:4      | Identified the cursed +1 rapier of Light {elec, Str+2} (You
                  | found it on level 4 of the Dungeon)
  3359 | D:4      | Got a fine scythe
  3365 | D:4      | Identified the +5 scythe "Plog" {vorpal, rElec MR+} (You
                  | found it on level 4 of the Dungeon)
  3798 | D:5      | Entered Level 5 of the Dungeon
  4093 | D:5      | Noticed an ice beast
  4104 | D:5      | Reached skill level 6 in Earth Magic
  4104 | D:5      | Reached XP level 7. HP: 26/36 MP: 7/12
  4108 | D:5      | Slain by an ice beast

Illustrated notes

Levels and vault maps discovered:
D:1:      minmay_arrival_solitary_statue, layout_rooms
D:2:      layout_loops_ring, nicolae_dithmenos_shadow_blocks,
          grunt_decor_one_mirror, hangedman_decor_growths
D:3:      layout_basic, ebering_dispersal_statue_hall, uniq_natasha
D:4:      layout_basic, minmay_ruptured
D:5:      layout_layer_cave, grunt_temple_overflow_bloody_war,
          chequers_temple_overflow_minitemple, lemuel_temple_firewalk_a,
          first_ration, uniq_prince_ribbit1

Skill      XL: |  1  2  3  4  5  6 |
---------------+-------------------+-----
Earth Magic    | 4 5 6 |  6.1
Maces & Flails | 1 2 |  2.6
Dodging        | 2 |  2.8
Conjurations   | 1 2 |  2.7
Spellcasting   | 3 |  3.3
Stealth        | |  2.4
Transmutations | |  0.7

Action                   |  1- 3 |  4- 6 |  7- 9 || total
-------------------------+-------+-------+-------++-------
Melee: Club              |    27 |       |       ||    27
       Whip              |    68 |    47 |       ||   115
       Flail             |       |    24 |       ||    24
       Scythe            |       |    18 |     4 ||    22
 Cast: Sandblast         |    39 |    35 |       ||    74
       Stone Arrow       |     1 |     2 |       ||     3
  Use: Scroll            |     3 |     2 |       ||     5
 Stab: Sleeping          |       |     3 |       ||     3
  Eat: Chunk             |     3 |     8 |       ||    11
Armor: Robe              |    33 |    27 |       ||    60
Dodge: Dodged            |    76 |    63 |     4 ||   143

Table legend:
 A = Non-vault XP
 B = Vault XP
 C = Vault XP percentage of total XP
 D = Non-vault monster count
 E = Vault monster count
 F = Vault count percentage of total count
                 A         B        C        D         E       F
            +---------+---------+-------+---------+---------+-------
      Total |     653 |      44 |   6.3 |      73 |       3 |   3.9
            +---------+---------+-------+---------+---------+-------
        D:1 |      35 |       0 |   0.0 |      21 |       0 |   0.0
        D:2 |      57 |       0 |   0.0 |      21 |       0 |   0.0
        D:3 |     115 |      35 |  23.3 |      18 |       1 |   5.3
        D:4 |     202 |       9 |   4.3 |      10 |       2 |  16.7
        D:5 |     244 |       0 |   0.0 |       3 |       0 |   0.0
            +---------+---------+-------+---------+---------+-------
